[Event "*** SCC Grand Prix: Titled Tuesday Blitz"]
[Site "Chess.com"]
[Date "2020.09.29"]
[Round "1"]
[White "penguingm1"]
[Black "Chesstrainer1"]
[Result "1-0"]
[WhiteElo "2892"]
[BlackElo "2427"]
[TimeControl "180+1"]
[EndTime "10:06:42 PDT"]
[Termination "penguingm1 won on time"]

1. d4 Nf6 2. c4 g6 3. f3 Bg7 4. e4 O-O 5. Nc3 d6 6. Nge2 a6 7. Be3 Nbd7 8. Qd2 b5 9. Ng3 c6 10. h4 e5 11. d5 cxd5 12. cxd5 Nb6 13. h5 b4 14. Nd1 a5 15. Bh6 Ra7 16. Be2 Qe7 17.
Rc1 Rc7 18. Be3 Rxc1 19. Qxc1 Na4 20. b3 Nc5 21. Nb2 Bd7 22. Nc4 Rc8 23. Qd2 a4 24.
bxa4 Bxa4 25. Qxb4 Nfd7 26. hxg6 hxg6 27. Qd2 Rb8 28. Kf2 Bb5 29. Rb1 Bf6 30. Na5 Bxe2 31. Nc6 Rxb1 32. Nxe7+ Bxe7 33. Nxe2 Ra1 34. Nc3 1-0

[Event "*** SCC Grand Prix: Titled Tuesday Blitz"]
[Site "Chess.com"]
[Date "2020.09.29"]
[Round "1"]
[White "RestartingChess"]
[Black "Larina_Marija"]
[Result "1-0"]
[WhiteElo "2525"]
[BlackElo "2189"]
[TimeControl "180+1"]
[EndTime "10:06:42 PDT"]
[Termination "RestartingChess won by resignation"]

1. e4 c6 2. d4 d5 3. exd5 cxd5 4. c4 Nf6 5. Nc3 g6 6. Nf3 Bg7 7. Be2 O-O 8. O-O Nc6 9. h3 h6 10. Be3 Be6 11. b3 Rc8 12. Rc1 a6 13. Qd2 Qd7 14.
Bxh6 dxc4 15. Bxg7 Kxg7 16. bxc4 Rfd8 17. d5 Bxh3 18.
dxc6 Qxc6 19. Qg5 Be6 20. Rfd1 Rh8 21. Nd5 Rh5 22. Qe3 Rch8 23. Kf1 Rh1+ 24. Ng1 Qd6 25. Nf4 Qc7 26. Rd4 g5 27. Nxe6+ fxe6 28. Qxg5+ Kf7 29.
Qf4 e5 30. Qg3 Rg8 31. Bg4 Qb8 32. Re1 exd4 33. Be6+ Kf8 34. Qxb8+ Kg7 35. Qg3+ Kf8 36. Bxg8 Nxg8 37. Rd1 1-0

[Event "*** SCC Grand Prix: Titled Tuesday Blitz"]
[Site "Chess.com"]
[Date "2020.09.29"]
[Round "1"]
[White "IngOscarArdila"]
[Black "FLamps8"]
[Result "0-1"]
[WhiteElo "2158"]
[BlackElo "2511"]
[TimeControl "180+1"]
[EndTime "10:06:43 PDT"]
[Termination "FLamps8 won by resignation"]

1. d4 d5 2. Nf3 Nf6 3. c4 e6 4. cxd5 exd5 5. Nc3 c6 6. Bg5 Be7 7. e3 Bf5 8. Bd3 Bxd3 9. Qxd3 O-O 10. O-O Ne4 11.
Bxe7 Qxe7 12. Nd2 f5 13. f3 Nxd2 14. Qxd2 Nd7 15. Rae1 Nf6 16. Ne2 Rae8 17. Nf4 Qd6 18. a3 Re7 19. b4 Rfe8 20. Nd3 Nd7 21. Rf2 b5 22. Rfe2 Nb6 23. Ne5 Nc4 24. Nxc4 dxc4 25. Qc2 f4 26. Qd2 h6 27. e4 Rd8 28. d5 cxd5 29. exd5 Rxe2 30. Rxe2 Rd7 31. Re4 Qxd5 32.
Qxf4 Qd1+ 33. Kf2 Qd2+ 34. Kg3 Qxf4+ 35. Kxf4 Rd2 36. Re7 Rxg2 37. h4 a6 38. Ra7 Rg6 39.
h5 Rc6 40. Ke5 c3 41. Kd5 c2 42. Kxc6 c1=Q+ 43. Kb6 Qxa3 44. Rxa6 Qxb4 45. Ra7 Qd4+ 46.
Ka6 Qxa7+ 47. Kxa7 b4 0-1

[Event "*** SCC Grand Prix: Titled Tuesday Blitz"]
[Site "Chess.com"]
[Date "2020.09.29"]
[Round "1"]
[White "Miss_JJ20"]
[Black "Konavets"]
[Result "0-1"]
[WhiteElo "2451"]
[BlackElo "2983"]
[TimeControl "180+1"]
[EndTime "10:06:44 PDT"]
[Termination "Konavets won by checkmate"]

1. d4 Nf6 2. Nf3 d5 3. c4 dxc4 4. e3 e6 5. Bxc4 c5 6. Nc3 a6 7. Bb3 b5 8. a4 c4 9. Bc2 b4 10. Ne2 Bb7 11. Ng3 Nc6 12. O-O Be7 13. e4 Rc8 14. h4 b3 15. Bb1 Nb4 16. h5 h6 17.
Re1 O-O 18. d5 exd5 19. e5 Ne4 20. Nf5 Bc5 21. N3d4 Kh8 22. Qg4 Rg8 23. Qf4 Qg5 24.
Qf3 Qd8 25. Qf4 Qb6 26. a5 Qc7 27. Nxh6 Bxd4 28. Nxf7+ Qxf7 29. Qxf7 Bxf2+ 30. Kf1 Rcf8 31. Qg6 Bd4+ 32. Ke2 Rf2+ 33. Kd1 Nd3 34. h6 Nxb2+ 35. Bxb2 Rd2+ 36. Kc1 Bxb2# 0-1

[Event "*** SCC Grand Prix: Titled Tuesday Blitz"]
[Site "Chess.com"]
[Date "2020.09.29"]
[Round "1"]
[White "CM_rui"]
[Black "LiamVrolijk"]
[Result "0-1"]
[WhiteElo "2407"]
[BlackElo "2828"]
[TimeControl "180+1"]
[EndTime "10:06:44 PDT"]
[Termination "LiamVrolijk won by resignation"]

1. e4 g6 2. d4 Bg7 3. c4 d6 4. Nf3 Bg4 5. Be2 Nc6 6. Be3 e5 7. d5 Bxf3 8. Bxf3 Nd4 9. Bxd4 exd4 10. Na3 Ne7 11. O-O O-O 12. Nc2 c5 13. dxc6 Nxc6 14. Rb1 Qg5 15. g3 a5 16. b3 Qc5 17. Bg2 a4 18.
Kh1 axb3 19. axb3 Ra2 20. Ra1 Rxa1 21. Nxa1 Ra8 22. Nc2 Ra2 23. f4 Qa5 24. Qd3 Qc3 25.
Qxc3 dxc3 26. Rc1 Nd4 27. Nxd4 Bxd4 28. e5 Be3 29. Rxc3 Ra1+ 30. Bf1 Rxf1+ 31. Kg2 Re1 32.
exd6 Bc5 33. Rd3 Re8 34. Rd5 b6 35. d7 Rd8 36. Kf3 Kf8 37. Ke4 Ke7 38. f5 Rxd7 39. f6+ Ke6 40. Re5+ Kxf6 41. Rd5 Rxd5 42. Kxd5 Ke7 0-1

[Event "*** SCC Grand Prix: Titled Tuesday Blitz"]
[Site "Chess.com"]
[Date "2020.09.29"]
[Round "1"]
[White "MarceloPlaya"]
[Black "AleksibFan"]
[Result "0-1"]
[WhiteElo "2295"]
[BlackElo "2602"]
[TimeControl "180+1"]
[EndTime "10:06:44 PDT"]
[Termination "AleksibFan won by resignation"]

1. e4 d5 2. exd5 Qxd5 3. Nc3 Qd6 4. d4 Nf6 5. Nge2 Bg4 6. f3 Bh5 7. Bf4 Qd7 8. Qd2 e6 9. O-O-O Bb4 10. Be5 Nc6 11. Qf4 Be7 12. Bxc7 Rc8 13. Be5 Bg6 14. g4 Nb4 15. Bxf6 gxf6 16. Rd2 a6 17. Ne4 Qa4 18. a3 Rxc2+ 19. Kd1 Rxd2+ 20. Kxd2 Qc2+ 21. Ke3 Nd5+ 22. Kf2 Nxf4 23. h4 Bxe4 24. fxe4 Nxe2 0-1

[Event "*** SCC Grand Prix: Titled Tuesday Blitz"]
[Site "Chess.com"]
[Date "2020.09.29"]
[Round "1"]
[White "elohunter1999"]
[Black "RU_B9"]
[Result "1-0"]
[WhiteElo "2462"]
[BlackElo "1887"]
[TimeControl "180+1"]
[EndTime "10:06:44 PDT"]
[Termination "elohunter1999 won on time"]

1. e4 c5 2. Nf3 Nc6 3. d4 cxd4 4. Nxd4 Nf6 5. Nc3 e5 6. Ndb5 d6 7. Bg5 a6 8. Na3 b5 9. Bxf6 gxf6 10. Nd5 Bg7 11. Bd3 Ne7 12. Nxe7 Qxe7 13. O-O Be6 14. c4 bxc4 15. Nxc4 d5 16. exd5 Bxd5 17. Nb6 Rd8 18. Qa4+ Kf8 19. Nxd5 Rxd5 20. Rad1 Qd7 21. Qxa6 Bh6 22.
Bf5 Qd8 23. Rxd5 Qxd5 24. Qxf6 Bg7 25. Qb6 Rg8 26. Rc1 Bf6 27. g3 Be7 28. Qh6+ Ke8 29. Rc8+ 1-0

[Event "*** SCC Grand Prix: Titled Tuesday Blitz"]
[Site "Chess.com"]
[Date "2020.09.29"]
[Round "1"]
[White "Koksik_13"]
[Black "BurningggIce"]
[Result "1-0"]
[WhiteElo "2656"]
[BlackElo "2330"]
[TimeControl "180+1"]
[EndTime "10:06:46 PDT"]
[Termination "Koksik_13 won by resignation"]

1. d4 Nf6 2. Nc3 e6 3. e4 d5 4. e5 Nfd7 5. f4 c5 6. Nf3 Nc6 7. Be3 Be7 8. Be2 O-O 9. O-O f5 10. exf6 Bxf6 11. Kh1 cxd4 12. Nxd4 Nxd4 13. Bxd4 b6 14.
f5 e5 15. Bg1 Bb7 16. Nxd5 Nc5 17. Bxc5 bxc5 18. Bf3 Rb8 19. Nxf6+ Qxf6 20. Bxb7 Rxb7 21.
Qd5+ Rbf7 22. Qxc5 Kh8 23. Rae1 Re8 24. h3 Qa6 25.
Qd5 Rff8 26. c4 Qxa2 27. Rf2 Qa6 28. b3 Qf6 29. c5 Qh4 30. Qf3 e4 31. Qf4 Qe7 32.
b4 Qb7 33. Rb2 Qd7 34. Rxe4 Rb8 35. Rf2 Rf6 36. Kh2 Rbf8 37. Qe5 Qb7 38. Rd4 Qb5 39.
g4 a5 40. g5 R6f7 41. bxa5 Qxa5 42. Rdf4 Rc7 43. f6 1-0

[Event "*** SCC Grand Prix: Titled Tuesday Blitz"]
[Site "Chess.com"]
[Date "2020.09.29"]
[Round "1"]
[White "Nastya_Rakhmangulova"]
[Black "Zhigalko_Sergei"]
[Result "0-1"]
[WhiteElo "2440"]
[BlackElo "2933"]
[TimeControl "180+1"]
[EndTime "10:06:47 PDT"]
[Termination "Zhigalko_Sergei won by resignation"]

1. e4 c5 2. Nf3 Nc6 3. d4 cxd4 4. Nxd4 Nf6 5. Nc3 e5 6. Ndb5 d6 7. Bg5 a6 8. Bxf6 gxf6 9. Na3 b5 10. Nd5 Bg7 11.
Bd3 Ne7 12. Nxe7 Qxe7 13. c4 f5 14. O-O O-O 15. cxb5 d5 16. exd5 e4 17. Be2 Bxb2 18. Nc4 Bxa1 19. Qxa1 axb5 20. Nb6 Rb8 21. Nxc8 Rfxc8 22.
Qd4 Qd6 23. Qe3 Rc2 24. Bh5 h6 25. Qa7 Rf8 26. Rd1 Qc5 27. Bxf7+ Rxf7 28. Qb8+ Kh7 29.
Qf4 Rc4 30. Qg3 Rc1 0-1

[Event "*** SCC Grand Prix: Titled Tuesday Blitz"]
[Site "Chess.com"]
[Date "2020.09.29"]
[Round "1"]
[White "IMDT02"]
[Black "Morshynska"]
[Result "1-0"]
[WhiteElo "2533"]
[BlackElo "2201"]
[TimeControl "180+1"]
[EndTime "10:06:49 PDT"]
[Termination "IMDT02 won on time"]

1. d4 d5 2. c4 c6 3. cxd5 cxd5 4. Nc3 Nf6 5. Bf4 Nc6 6. e3 a6 7. Bd3 Bg4 8. Nf3 e6 9. O-O Bd6 10. Bg3 O-O 11. Qb3 Na5 12. Qc2 Rc8 13. Ne5 Bh5 14.
a3 b5 15. f4 Nc4 16. Nxc4 bxc4 17. Be2 Bg6 18. Qd2 Qa5 19. Bf3 Bc7 20. Rfe1 Rb8 21. Qf2 Rb3 22. e4 Rfb8 23. f5 Rxb2 24. Bxc7 Qxc7 25. Qe3 dxe4 26. fxg6 exf3 27. gxf7+ Qxf7 28. Qxf3 Nd5 29. Na4 Qxf3 30. gxf3 Rd2 31. Nc5 Rbb2 32.
Rab1 Rg2+ 33. Kh1 Rxh2+ 34. Kg1 Rhg2+ 35. Kh1 Rh2+ 36. Kg1 Rbg2+ 37. Kf1 Rf2+ 38. Kg1 Nf4 39. Rb8+ Kf7 40. Rb7+ Kg6 41. Rxe6+ Kg5 42. Rxg7+ Kf5 43. Rf7+ 1-0

[Event "*** SCC Grand Prix: Titled Tuesday Blitz"]
[Site "Chess.com"]
[Date "2020.09.29"]
[Round "1"]
[White "PattyCastillo"]
[Black "Marcin"]
[Result "0-1"]
[WhiteElo "1999"]
[BlackElo "2474"]
[TimeControl "180+1"]
[EndTime "10:06:49 PDT"]
[Termination "Marcin won on time"]

1. d4 Nf6 2. Nf3 g6 3. Nc3 Bg7 4. e4 d6 5. Be3 O-O 6. Qd2 Ng4 7.
Bg5 h6 8. Bh4 Nf6 9. O-O-O Bg4 10. Be2 Bxf3 11. Bxf3 Nbd7 12. Kb1 c5 13. dxc5 Nxc5 14.
Rhe1 Nfd7 15. Nd5 Re8 16. g4 Ne5 17. Qe2 g5 18. Bg3 e6 19. Nc3 Qb6 20. Ka1 Rad8 21. h4 Nxf3 22. Qxf3 Qb4 23. hxg5 hxg5 24. Bxd6 Rxd6 25.
Rxd6 Na4 26. Nd1 Qxd6 27. e5 Qd2 0-1

[Event "*** SCC Grand Prix: Titled Tuesday Blitz"]
[Site "Chess.com"]
[Date "2020.09.29"]
[Round "1"]
[White "Alexander_Moskalenko"]
[Black "Rubinstein_Akiba"]
[Result "1-0"]
[WhiteElo "2829"]
[BlackElo "2407"]
[TimeControl "180+1"]
[EndTime "10:06:50 PDT"]
[Termination "Alexander_Moskalenko won by resignation"]

1. b3 e5 2. Bb2 Nc6 3. e3 Nf6 4.
Bb5 Bd6 5. Na3 Na5 6. Nc4 Nxc4 7.
Bxc4 O-O 8. Nf3 Qe7 9. O-O c6 10. a4 Bc7 11. Ba3 d6 12. d4 e4 13. Nd2 Be6 14. Bxe6 Qxe6 15. c4 Rfe8 16. h3 d5 17. Rc1 Bd6 18. Bxd6 Qxd6 19. c5 Qd7 20. b4 Re6 21.
Rb1 Ne8 22. b5 Rg6 23. Kh1 a6 24. bxc6 Rxc6 25. Rb4 Rac8 26. Qg4 Qxg4 27. hxg4 R8c7 28. Rfb1 h6 29. Rxb7 Nf6 30. f3 exf3 31. gxf3 Kh7 32. Kg2 Nd7 33. a5 Nf8 34. Rxc7 Rxc7 35. Rb6 Ra7 36.
Nb1 Ne6 37. Nc3 Nc7 38. Kf2 g6 39. e4 dxe4 40. fxe4 Ne6 41. Ke3 Rd7 42. Nd5 Kg7 43. Rxa6 h5 44. gxh5 gxh5 45. Rd6 Ra7 46. a6 h4 47. Nf4 Ng5 48. Nh5+ Kh7 49. Nf6+ Kg7 50. Ng4 h3 51. Rb6 Re7 52. e5 f5 53. Rb7 Kf8 54.
Rxe7 Kxe7 55. a7 fxg4 56. a8=Q g3 57. Qb7+ Kf8 58. Qc8+ Kg7 59. Qg4 h2 60. Qxg5+ Kf8 61. Qf5+ Ke8 62. Qf3 1-0

[Event "*** SCC Grand Prix: Titled Tuesday Blitz"]
[Site "Chess.com"]
[Date "2020.09.29"]
[Round "1"]
[White "Gusarov91"]
[Black "The_Machine04"]
[Result "1-0"]
[WhiteElo "2587"]
[BlackElo "2283"]
[TimeControl "180+1"]
[EndTime "10:06:50 PDT"]
[Termination "Gusarov91 won on time"]

1. d4 d6 2. Nf3 Nf6 3. c4 g6 4. Nc3 Bf5 5. Qb3 b6 6. h3 Bg7 7. g4 Bc8 8. Bg2 Bb7 9. O-O O-O 10. Bf4 Re8 11. Rfd1 Qc8 12. Bg3 Ne4 13. Nxe4 Bxe4 14.
Rac1 h5 15. gxh5 gxh5 16. Qe3 Bc6 17. d5 Bd7 18. Qg5 Bxh3 19. Qxh5 Bg4 20. Qh4 Qf5 21. e4 Qg6 22. e5 Nd7 23. Rd4 Bxf3 24. Bxf3 Nxe5 25.
Bg2 Qh6 26. Qxh6 Bxh6 27. Re1 Bg7 28. Rde4 Bf6 29. b3 Kg7 30. f4 Ng6 31. Bf3 Rh8 32.
Kf2 Rh7 33. Rg1 Rg8 34. f5 Nh8 35. Bxd6+ Kf8 36. Rxg8+ Kxg8 37. Bxc7 Kg7 38. a4 Rh2+ 39. Bxh2 1-0

[Event "*** SCC Grand Prix: Titled Tuesday Blitz"]
[Site "Chess.com"]
[Date "2020.09.29"]
[Round "1"]
[White "BikingBrian"]
[Black "Arkady_Gitelson"]
[Result "0-1"]
[WhiteElo "2205"]
[BlackElo "2537"]
[TimeControl "180+1"]
[EndTime "10:06:50 PDT"]
[Termination "Arkady_Gitelson won by resignation"]

1. d4 Nf6 2. Bg5 e6 3. Nd2 d5 4. e3 Be7 5. Bd3 O-O 6. f4 h6 7. Bh4 c5 8. c3 Nc6 9. Ngf3 Ng4 10. Bxe7 Qxe7 11. Qe2 b6 12. h3 Nf6 13. Ne5 Bb7 14. Qf3 Qd6 15. O-O Ne7 16. g4 Nd7 17. Qg3 f6 18. Ng6 Nxg6 19. Bxg6 Qe7 20. Qh4 Qd6 21.
g5 fxg5 22. fxg5 e5 23. Bf5 exd4 24. exd4 Ba6 25. Qg4 Bxf1 26. Rxf1 Rad8 27. gxh6 Qxh6 28. Bxd7 Qxd2 29. Be6+ Kh8 30. Bf5 Qe3+ 31. Kh1 Qh6 32. Rg1 Rd6 33. Bc2 Rdf6 34. Rg2 Rf1+ 35. Kh2 Qf4+ 36. Qxf4 R8xf4 37. Bg6 R4f2 38. Kg3 Rxg2+ 39.
Kxg2 Rd1 40. Bf7 cxd4 41. Bxd5 dxc3 0-1

[Event "*** SCC Grand Prix: Titled Tuesday Blitz"]
[Site "Chess.com"]
[Date "2020.09.29"]
[Round "1"]
[White "PSvidler"]
[Black "Gulkov_Igor"]
[Result "1-0"]
[WhiteElo "2945"]
[BlackElo "2443"]
[TimeControl "180+1"]
[EndTime "10:06:51 PDT"]
[Termination "PSvidler won on time"]

1. e4 c5 2. Nf3 d6 3. d4 cxd4 4. Nxd4 Nf6 5. Nc3 a6 6. f3 e5 7.
Nb3 Be6 8. Be3 Nbd7 9. Qd2 h5 10. O-O-O Rc8 11. Kb1 Qc7 12. h3 h4 13. Bd3 Be7 14.
f4 b5 15. Rhe1 Nb6 16. Bxb6 Qxb6 17. Nd5 Bxd5 18. exd5 Qc7 19. fxe5 dxe5 20. Qg5 O-O 21. Rxe5 Nxd5 22. Qf5 g6 23. Qe4 Nf6 24. Rxe7 Nxe4 25. Rxc7 Rxc7 26. Bxe4 Re8 27. Bf3 Kg7 28. c3 Rce7 29.
Rd6 Re6 30. Rd4 f5 31. Rxh4 Re1+ 32. Kc2 Rg1 33. Rd4 g5 34. a4 1-0

[Event "*** SCC Grand Prix: Titled Tuesday Blitz"]
[Site "Chess.com"]
[Date "2020.09.29"]
[Round "1"]
[White "AliKa2810"]
[Black "MisiekZielony"]
[Result "1-0"]
[WhiteElo "2546"]
[BlackElo "2228"]
[TimeControl "180+1"]
[EndTime "10:06:52 PDT"]
[Termination "AliKa2810 won on time"]

1. d4 d5 2. c4 c6 3. Nf3 Nf6 4. Nc3 dxc4 5. a4 a5 6. e4 Bg4 7. Bxc4 e6 8. Be3 Bb4 9. h3 Bh5 10. Bd3 Nbd7 11. O-O Bg6 12. e5 Nd5 13. Bxg6 hxg6 14.
Bg5 f6 15. Qd3 Kf7 16. Ne4 Be7 17. Bd2 Qb6 18. Rae1 Rae8 19. Bc1 Nf8 20. Nfd2 Qd8 21. Nc4 Kg8 22. Qg3 b6 23. Bd2 Qd7 24. Nc3 1-0

[Event "*** SCC Grand Prix: Titled Tuesday Blitz"]
[Site "Chess.com"]
[Date "2020.09.29"]
[Round "1"]
[White "GiorgianBarbosa"]
[Black "superchess02"]
[Result "1-0"]
[WhiteElo "2421"]
[BlackElo "2804"]
[TimeControl "180+1"]
[EndTime "10:06:53 PDT"]
[Termination "GiorgianBarbosa won by resignation"]

1. c4 Nf6 2. g3 e5 3. Bg2 Nc6 4. Nf3 g6 5. O-O Bg7 6. d4 e4 7.
Ne5 O-O 8. Nc3 Nxe5 9. dxe5 Ng4 10. Nxe4 Nxe5 11. Bg5 f6 12. Qd5+ Kh8 13. Be3 d6 14. b3 Qe7 15. Qd2 Bd7 16. Nc3 Bc6 17. Nd5 Qf7 18.
Bd4 Rfe8 19. e4 f5 20. exf5 gxf5 21. h3 f4 22. Qxf4 Qxf4 23. Nxf4 Nf3+ 24. Bxf3 Bxd4 25. Bxc6 bxc6 26. Rad1 c5 27. Rfe1 a5 28. Kg2 a4 29.
Rxe8+ Rxe8 30. b4 a3 31. b5 Ra8 32. Nd5 Ra4 33. Rc1 Rb4 34. Nxb4 cxb4 35. Rb1 Bb2 36.
Kf3 b3 37. axb3 a2 38. Rd1 a1=Q 39. Rxa1 Bxa1 40. Ke4 Bc3 41. Kd5 Ba5 42. Kc6 Kg7 43.
b4 Bxb4 44. Kxc7 Kf6 45. b6 Ba5 46. Kc6 Ke5 47. b7 Kd4 48. b8=Q 1-0

[Event "*** SCC Grand Prix: Titled Tuesday Blitz"]
[Site "Chess.com"]
[Date "2020.09.29"]
[Round "1"]
[White "slowdgehammer"]
[Black "x-0414717230"]
[Result "0-1"]
[WhiteElo "2346"]
[BlackElo "2681"]
[TimeControl "180+1"]
[EndTime "10:06:53 PDT"]
[Termination "x-0414717230 won on time"]

1. e4 c5 2. Nf3 d6 3. c3 Nf6 4. Bd3 Bg4 5. h3 Bh5 6. Bc2 e6 7. O-O Be7 8. d4 O-O 9. Re1 Nc6 10. Be3 cxd4 11. cxd4 Nb4 12. Nbd2 Nxc2 13. Qxc2 Rc8 14. Qb3 Qd7 15. Bg5 h6 16. Bh4 Rc6 17. d5 exd5 18.
exd5 Rb6 19. Qa3 Nxd5 20. Bxe7 Nxe7 21. Qxa7 Rxb2 22. Rab1 Nc6 23. Qa3 Rxb1 24. Rxb1 Re8 25. Nc4 d5 26. Nb6 Qd8 27. Na4 Qa5 28. Qb3 Bxf3 29.
gxf3 Nd4 30. Qb4 Nxf3+ 31. Kg2 Ne1+ 32. Kf1 Qa6+ 33. Kg1 Qg6+ 34. Qg4 Qxb1 0-1

[Event "*** SCC Grand Prix: Titled Tuesday Blitz"]
[Site "Chess.com"]
[Date "2020.09.29"]
[Round "1"]
[White "Ladislav1969"]
[Black "fighter2jz"]
[Result "1-0"]
[WhiteElo "2359"]
[BlackElo "2645"]
[TimeControl "180+1"]
[EndTime "10:06:53 PDT"]
[Termination "Ladislav1969 won on time"]

1. e4 c5 2. c3 Nf6 3. e5 Nd5 4. d4 cxd4 5. Nf3 Nc6 6. Bc4 Nb6 7. Bb3 d5 8. exd6 Qxd6 9. O-O Bg4 10. Bxf7+ Kd8 11.
cxd4 e6 12. h3 Bf5 13. Bh5 Be7 14. Nc3 a6 15. Re1 Kc7 16. g3 Nd5 17. Ne5 Nxc3 18. bxc3 Nxe5 19. Rxe5 Qc6 20. Bf4 Kb6 21. Be3 Kc7 22. Bf3 Qd7 23. Bf4 Kc8 24. Qb3 Ra7 25. Qb6 Ra8 26. d5 g5 27. dxe6 Qd3 28.
Rc5+ 1-0

[Event "*** SCC Grand Prix: Titled Tuesday Blitz"]
[Site "Chess.com"]
[Date "2020.09.29"]
[Round "1"]
[White "malakismayil"]
[Black "Sven_Tica"]
[Result "0-1"]
[WhiteElo "2328"]
[BlackElo "2654"]
[TimeControl "180+1"]
[EndTime "10:06:54 PDT"]
[Termination "Sven_Tica won on time"]

1. e4 c5 2. Nf3 Nf6 3. Nc3 d5 4.
Bb5+ Bd7 5. Bxd7+ Qxd7 6. exd5 Nxd5 7. O-O Nc6 8. Qe2 e6 9. Ne5 Nd4 10. Qh5 Nf6 11. Qd1 Qc7 12. Nf3 Be7 13. d3 O-O 14.
Be3 Rfd8 15. h3 a6 16. a4 Rac8 17. b3 Qc6 18. Ne5 Qc7 19. f4 Nd5 20. Nxd5 Rxd5 21. Qd2 Bf6 22. Ng4 Bh4 23. Rac1 Nf5 24. Bf2 Be7 25.
Rfe1 h5 26. Ne5 Bf6 27. Nc4 b5 28. axb5 axb5 29. Ne3 Qxf4 30. Qe2 Nd4 31. Qf1 Rd7 32. Red1 Bh4 33. Re1 Ra8 34. Bxh4 Qxh4 35. Qf2 Qxf2+ 36. Kxf2 Ra2 0-1

[Event "*** SCC Grand Prix: Titled Tuesday Blitz"]
[Site "Chess.com"]
[Date "2020.09.29"]
[Round "1"]
[White "grunbergmihai"]
[Black "Hikaru"]
[Result "0-1"]
[WhiteElo "2458"]
[BlackElo "3245"]
[TimeControl "180+1"]
[EndTime "10:06:56 PDT"]
[Termination "Hikaru won by resignation"]

1. Nf3 d5 2. c4 d4 3. g3 c5 4. Bg2 Nc6 5. d3 g6 6. e3 Bg7 7. exd4 cxd4 8. O-O Nf6 9. a3 a5 10. Re1 O-O 11. Ne5 Nxe5 12. Rxe5 Nd7 13. Rb5 Qc7 14. Bf4 e5 15. Bd2 Nc5 16. b4 Nxd3 17. Qe2 Qxc4 18. a4 Nb2 19. Qxc4 Nxc4 20. bxa5 e4 21. Bb4 Re8 22.
Na3 Nxa3 23. Rxa3 f5 24. Bf1 d3 25. Bc3 Bxc3 26. Rxc3 Rd8 27. Rc1 Ra7 28. Rd1 Be6 29. f3 Rd4 30. Kf2 Bd7 31. Re5 Bxa4 32. Ra1 d2 0-1

[Event "*** SCC Grand Prix: Titled Tuesday Blitz"]
[Site "Chess.com"]
[Date "2020.09.29"]
[Round "1"]
[White "Oleksandr_Bortnyk"]
[Black "JoliyRoger"]
[Result "0-1"]
[WhiteElo "2894"]
[BlackElo "2445"]
[TimeControl "180+1"]
[EndTime "10:06:58 PDT"]
[Termination "JoliyRoger won on time"]

1. e4 c6 2. d4 d5 3. Nc3 h6 4. Nf3 Bg4 5. Be2 Nf6 6. e5 Nfd7 7. h3 Bxf3 8. Bxf3 e6 9. Ne2 c5 10.
c3 Nc6 11. O-O Be7 12. Be3 O-O 13. Nf4 cxd4 14. cxd4 Bg5 15. Qd2 Qb6 16. Rfd1 Na5 17. b3 Rac8 18. g3 Rc7 19. h4 Bxf4 20. Bxf4 Rfc8 21. Bxh6 gxh6 22. Qxh6 Rc3 23. Be2 Qd8 24. Bd3 Nf8 25. Kg2 Nc6 26. Qf4 Qe7 27. Qg4+ Kh8 28. Qh5+ Kg8 29. Qg4+ Kh8 30. Qh5+ Kg7 31. Qg4+ Kh6 32.
Qg8 f5 0-1

[Event "*** SCC Grand Prix: Titled Tuesday Blitz"]
[Site "Chess.com"]
[Date "2020.09.29"]
[Round "1"]
[White "DenisQ"]
[Black "chessmachine14"]
[Result "1-0"]
[WhiteElo "2596"]
[BlackElo "2285"]
[TimeControl "180+1"]
[EndTime "10:06:58 PDT"]
[Termination "DenisQ won by resignation"]

1. Nf3 Nf6 2. c4 g6 3. Nc3 Bg7 4. g3 O-O 5. Bg2 d6 6. O-O e5 7. Rb1 a5 8. a3 Be6 9. Ng5 Bxc4 10. Bxb7 Ra7 11. Bg2 a4 12. Nxa4 Bxe2 13. Qxe2 Rxa4 14. d3 Nfd7 15. Qc2 Rd4 16. Be3 Rg4 17. Nf3 e4 18. dxe4 Re8 19. Nd2 d5 20. h3 d4 21. Bf4 Rxf4 22.
gxf4 Qh4 23. Qxc7 Bh6 24. Nf3 Qf6 25. Ng5 Bxg5 26. fxg5 Qxg5 27. Qg3 Qd2 28. Rfd1 Qe2 29. Rxd4 Ne5 30. Rbd1 Nbc6 31. R4d2 Qb5 32. b3 Kg7 33. f4 Qb6+ 34. Kh2 Nd7 35. Rxd7 1-0

[Event "*** SCC Grand Prix: Titled Tuesday Blitz"]
[Site "Chess.com"]
[Date "2020.09.29"]
[Round "1"]
[White "tlomigtlis"]
[Black "Matols"]
[Result "0-1"]
[WhiteElo "2531"]
[BlackElo "2246"]
[TimeControl "180+1"]
[EndTime "10:06:59 PDT"]
[Termination "Matols won by checkmate"]

1. d4 Nf6 2. c4 e6 3. Nc3 Bb4 4. Qc2 O-O 5. a3 Bxc3+ 6. Qxc3 b6 7. Bg5 h6 8. Bh4 Bb7 9. e3 d5 10. Nf3 Nbd7 11. Be2 Re8 12. O-O g5 13. Bg3 Ne4 14. Qc2 Rc8 15. Bd3 Ndf6 16. Nd2 c5 17. Be5 cxd4 18.
Bxd4 e5 19. Bc3 Nxd2 20. Qxd2 dxc4 21. Bf5 Qxd2 22. Bxd2 Rcd8 23. Bc3 Ne4 24. Bb4 a5 25. Be1 Nd2 26. Bxd2 Rxd2 27. Rac1 Ba6 28. Rc2 Red8 29. h3 c3 30. Rb1 Rxc2 31. Bxc2 Rd2 32. bxc3 Rxc2 33.
Rxb6 Bd3 34. Rb8+ Kg7 35. Rc8 a4 36. Rc5 Ra2 37. Rxe5 Rxa3 38. Ra5 Ra1+ 39. Kh2 a3 40. Kg3 a2 41. Ra4 Bf5 42. f3 Be6 43. c4 Bxc4 44. Rxc4 Rb1 45. Ra4 a1=Q 46. Rxa1 Rxa1 47. h4 Ra3 48.
hxg5 hxg5 49. Kg4 Kg6 50. g3 Rxe3 51. f4 gxf4 52. gxf4 f5+ 53. Kh4 Re4 54. Kg3 Kh5 55.
Kf3 Kh4 56. Kf2 Kg4 57. Kg2 Re3 58. Kf2 Kxf4 59. Kg2 Rf3 60. Kg1 Kg3 61. Kh1 Rf1# 0-1

[Event "*** SCC Grand Prix: Titled Tuesday Blitz"]
[Site "Chess.com"]
[Date "2020.09.29"]
[Round "1"]
[White "LiemLe"]
[Black "FedaMaster"]
[Result "1-0"]
[WhiteElo "2982"]
[BlackElo "2448"]
[TimeControl "180+1"]
[EndTime "10:07:00 PDT"]
[Termination "LiemLe won by checkmate"]

1. d4 f5 2. g3 Nf6 3. Bg2 g6 4.
c3 Bg7 5. Qb3 e6 6. Bxb7 Bxb7 7.
Qxb7 Nc6 8. Nf3 O-O 9. O-O Ne4 10. Qa6 g5 11. Nbd2 g4 12. Nxe4 fxe4 13. Ng5 e5 14. Qc4+ Kh8 15. d5 Ne7 16. Qxe4 Nf5 17. Qxg4 h6 18.
Qh5 Kg8 19. Ne4 c6 20. Rd1 Qa5 21. dxc6 d5 22. Nd2 e4 23. Nb3 Qb6 24. Bf4 Qxc6 25. Rd2 a5 26. e3 a4 27. Nd4 Bxd4 28. cxd4 Rf7 29. g4 Ng7 30. Qxh6 Rf6 31. Qh4 Raf8 32. Be5 Rg6 33. f4 exf3 34. Rf1 Nf5 35. Qh8+ Kf7 36.
Qh5 Kg8 37. Rdf2 Nxe3 38. Qh8+ Kf7 39. Rxf3+ Ke6 40. Qxf8 Rxg4+ 41. Kh1 Qd7 42. Qf6# 1-0

[Event "*** SCC Grand Prix: Titled Tuesday Blitz"]
[Site "Chess.com"]
[Date "2020.09.29"]
[Round "1"]
[White "GianmarcoVaR"]
[Black "anon569"]
[Result "1-0"]
[WhiteElo "2557"]
[BlackElo "2235"]
[TimeControl "180+1"]
[EndTime "10:07:00 PDT"]
[Termination "GianmarcoVaR won on time"]

1. d4 Nf6 2. c4 e6 3. g3 Bb4+ 4. Bd2 c5 5. Bxb4 cxb4 6. Bg2 O-O 7. e4 d6 8. Ne2 Nc6 9. O-O e5 10. a3 bxa3 11. Rxa3 Qb6 12. Rb3 Qc7 13. Qd3 b6 14.
Nd2 Bb7 15. Ra1 Rfd8 16. h3 Nd7 17. Qe3 Re8 18. Kh2 exd4 19. Nxd4 Nc5 20. Rc3 Nb4 21. Nf5 Ne6 22. Nf3 Qc5 23. Qxc5 dxc5 24. Nd6 Re7 25. Ne5 1-0

[Event "*** SCC Grand Prix: Titled Tuesday Blitz"]
[Site "Chess.com"]
[Date "2020.09.29"]
[Round "1"]
[White "dianamirza"]
[Black "vanyakuba"]
[Result "0-1"]
[WhiteElo "1945"]
[BlackElo "2466"]
[TimeControl "180+1"]
[EndTime "10:07:02 PDT"]
[Termination "vanyakuba won on time"]

1. d4 d5 2. Nf3 c5 3. e3 Nf6 4. b3 Nc6 5. Bd3 Bg4 6. Bb2 e6 7.
a3 Bd6 8. Nbd2 O-O 9. O-O e5 10. dxe5 Nxe5 11. Be2 Nc6 12. h3 Bf5 13. c4 Re8 14.
cxd5 Nxd5 15. Bc4 Nf6 16. Ng5 Bg6 17. f4 Qe7 18. Rf3 Na5 19. f5 Bh5 20. g4 Nxc4 21. Nxc4 Rad8 22. gxh5 Bh2+ 23. Kxh2 Rxd1 24. Rxd1 h6 25.
Nd6 hxg5 26. Nxe8 Qxe8 27. Bxf6 gxf6 28. Kg3 Qe5+ 0-1